WCHLSIM.com - West Coast Hockey League
html PUBLIC "-//W3C//DTD XHTML 1.0 Transitional//EN" "http://www.w3.org/TR/xhtml1/DTD/xhtml1-transitional.dtd"> WCHL - Game 61 - SAN FRANCISCO SPIDERS vs KANSAS CITY KILLERBEES

SAN FRANCISCO SPIDERS vs KANSAS CITY KILLERBEES

Created - 20 octobre 2023 at 23:59

Goals
1 2 3 T
SAN FRANCISCO SPIDERS 0 2 1 3
KANSAS CITY KILLERBEES 1 0 1 2
Shots
1 2 3 T
SAN FRANCISCO SPIDERS 14 11 15 40
KANSAS CITY KILLERBEES 9 9 14 32

1st period

1. KANSAS CITY KILLERBEES , Tyler Johnson 1 (Alexis Lafreniere 1) at 14:57

Penalties :
K'Andre Miller (KCK) for Unsportsmanlike conduct (Minor) at 5:43, Jacob Middleton (SAF) for Hooking (Minor) at 16:26

2nd period

2. SAN FRANCISCO SPIDERS , Bo Horvat 3 (Sean Durzi 2) at 6:06
3. SAN FRANCISCO SPIDERS , Sebastian Aho 2 (Michael Anderson 1, Zach Hyman 2) at 9:31

Penalties :
Mattias Ekholm (KCK) for Holding (Minor) at 7:20

3rd period

4. SAN FRANCISCO SPIDERS , Brenden Dillon 1 (Trevor Moore 1, Andrei Svechnikov 2) at 2:08
5. KANSAS CITY KILLERBEES , Nicholas Paul 2 (Philipp Kurashev 2, Jakub Voracek 2) at 5:42 (PP)

Penalties :
Jacob Middleton (SAF) for Hooking (Minor) at 4:01

Goalie Stats

Igor Shesterkin (SAF), 30 saves from 32 shots - (0,938), W, 2-1-0, 60:00 minutes
Ilya Samsonov (KCK), 37 saves from 40 shots - (0,925), L, 1-3-0, 59:00 minutes

Players Stats for SAN FRANCISCO SPIDERS

Player Name              G  A  P  +/- PIM S  H  SB GA TA FO     MP     PP MP  PK MP  
------------------------------------------------------------------------------------
Andrei Svechnikov        0  1  1   0  0   2  3  0  0  0  0/0    19:00   2:41   0:00 
Bo Horvat                1  0  1   1  0   5  0  0  0  0  11/17  19:57   1:39   2:37 
Brenden Dillon           1  0  1   0  0   2  0  1  0  0  0/0    25:36   2:19   1:59 
Dakota Joshua            0  0  0   0  0   1  2  0  0  0  2/6     5:12   1:17   0:00 
Darnell Nurse            0  0  0   0  0   5  1  4  0  0  0/0    25:36   2:19   1:59 
Eeli Tolvanen            0  0  0   0  0   0  0  0  0  0  1/1     3:55   0:00   0:00 
Erik Gudbranson          0  0  0   1  0   0  2  2  0  0  0/0    21:33   1:39   1:41 
Jacob Middleton          0  0  0   1  4   2  2  0  0  0  0/0    12:49   0:00   0:00 
Jared McCann             0  0  0   1  0   4  2  0  0  0  0/2    18:00   2:19   0:00 
Kirby Dach               0  0  0   0  0   1  1  0  0  0  5/18   16:19   0:00   0:00 
Kyle Palmieri            0  0  0   1  0   1  2  0  0  0  1/3    15:30   0:00   0:00 
Michael Anderson         0  1  1   1  0   1  1  0  0  0  0/0    12:51   0:00   0:00 
Sean Durzi               0  1  1   1  0   0  0  1  0  0  0/0    21:33   1:39   1:41 
Sebastian Aho            1  0  1   1  0   4  1  0  0  0  16/24  19:49   2:19   1:03 
Trent Frederic           0  0  0   0  0   1  0  0  0  0  0/1     3:55   0:00   0:00 
Trevor Moore             0  1  1   0  0   2  1  0  0  0  2/3    16:19   0:00   0:00 
Viktor Arvidsson         0  0  0   1  0   3  0  0  0  0  2/2    19:20   1:39   1:03 
Zach Hyman               0  1  1   1  0   6  1  0  0  0  2/6    19:04   0:00   2:37 

Players Stats for KANSAS CITY KILLERBEES

Player Name              G  A  P  +/- PIM S  H  SB GA TA FO     MP     PP MP  PK MP  
------------------------------------------------------------------------------------
Alexis Lafreniere        0  1  1   1  0   2  0  0  0  0  1/3    19:12   2:28   0:00 
Anders Bjork             0  0  0   0  0   1  0  1  0  0  0/0     5:22   0:00   0:00 
Boone Jenner             0  0  0  -1  0   7  0  0  0  0  24/38  24:27   2:28   2:33 
Daniel Walcott           0  0  0  -1  0   0  0  0  0  0  0/0    15:52   0:00   2:25 
Jacob Muzzin             0  0  0   0  0   0  2  1  0  0  0/0    19:58   1:27   1:26 
Jakub Voracek            0  1  1  -2  0   4  0  0  0  0  1/3    12:59   1:12   0:00 
James van Riemsdyk       0  0  0  -1  0   2  0  0  0  0  2/5    23:19   2:28   1:25 
Jaret Anderson-Dolan     0  0  0   0  0   0  0  0  0  0  2/5     5:22   0:00   0:00 
K'Andre Miller           0  0  0  -1  2   2  0  5  0  0  0/0    24:41   2:13   1:16 
Mattias Ekholm           0  0  0  -1  2   2  2  2  0  0  0/0    24:21   2:13   1:16 
Morgan Barron            0  0  0  -2  0   0  0  0  0  0  5/13   11:47   0:00   0:00 
Nicholas Paul            1  0  1   1  0   3  3  2  0  0  1/2    19:21   1:12   1:25 
Nicolas Aube-Kubel       0  0  0   0  0   0  0  0  0  0  0/0     5:22   0:00   0:00 
Philipp Kurashev         0  1  1  -1  0   1  1  1  0  0  0/0    22:14   1:12   2:33 
Riley Stillman           0  0  0  -1  0   0  5  1  0  0  0/0    14:18   0:00   0:14 
Sean Walker              0  0  0   0  0   1  2  3  0  0  0/0    19:51   1:27   1:19 
Tyler Johnson            1  0  1   1  0   4  0  0  0  0  5/14   15:47   0:00   0:00 
Zach Aston-Reese         0  0  0  -2  0   3  1  0  0  0  0/0    11:47   0:00   0:00 

3 Stars

1 - Nicholas Paul (KCK)
2 - Sebastian Aho (SAF)
3 - Bo Horvat (SAF)

Power Play

SAN FRANCISCO SPIDERS - 0 on 2 Attempt(s) - 0,00%
KANSAS CITY KILLERBEES - 1 on 2 Attempt(s) - 50,00%

Penalty Kill

SAN FRANCISCO SPIDERS - 1 on 2 Attempt(s) - 50,00% - Score 0 goal in Penalty Kill
KANSAS CITY KILLERBEES - 2 on 2 Attempt(s) - 100,00% - Score 0 goal in Penalty Kill

Team Stat

SAN FRANCISCO SPIDERS - Hits : 19 - Faceoff Wins : 42 - Blocked Shots : 8 - Penalty Minutes : 4
KANSAS CITY KILLERBEES - Hits : 16 - Faceoff Wins : 41 - Blocked Shots : 16 - Penalty Minutes : 4

Official

Referees : Kenny Anderson and Chris Schlenker
Linesman : Kory Nagy and Steve Barton

Game Notes

No Game Note

Finance

Level 1 -- Attendance: 6500 (100,00%) -- Ticket Income 975 000 $
Level 2 -- Attendance: 4897 (92,40%) -- Ticket Income 587 640 $
Level 3 -- Attendance: 2383 (95,32%) -- Ticket Income 214 470 $
Level 4 -- Attendance: 4200 (100,00%) -- Ticket Income 210 000 $
Luxury Box -- Attendance: 1012 (99,22%) -- Ticket Income 293 480 $
Game was played at the Missouri Beehive Complex.
Total Attendance: 18992 (97,30%)
Total Ticket Income: 2 280 590 $
Other Expense: 22 806 $
Total Income: 2 257 784 $

SAN FRANCISCO SPIDERS

5 vs 5 Forward 
   Center                   Left Wing                Right Wing               Time % Phy DF OF 
 1 Sebastian Aho            Zach Hyman               Kyle Palmieri            30     0   2  3  
 2 Bo Horvat                Jared McCann             Viktor Arvidsson         30     0   2  3  
 3 Kirby Dach               Trevor Moore             Andrei Svechnikov        30     0   2  3  
 4 Dakota Joshua            Trent Frederic           Eeli Tolvanen            10     0   4  1  

5 vs 5 Defense 
   Defense                  Defense                                           Time % Phy DF OF 
 1 Darnell Nurse            Brenden Dillon                                    36     1   2  2  
 2 Erik Gudbranson          Sean Durzi                                        31     1   2  2  
 3 Michael Anderson         Jacob Middleton                                   23     1   2  2  
 4 Darnell Nurse            Brenden Dillon                                    10     1   2  2  

PowerPlay Forward 
   Center                   Left Wing                Right Wing               Time % Phy DF OF 
 1 Sebastian Aho            Andrei Svechnikov        Jared McCann             55     1   2  2  
 2 Bo Horvat                Andrei Svechnikov        Viktor Arvidsson         45     1   2  2  

PowerPlay Defense
   Defense                  Defense                                           Time % Phy DF OF 
 1 Darnell Nurse            Brenden Dillon                                    55     1   2  2  
 2 Erik Gudbranson          Sean Durzi                                        45     1   2  2  

Penalty Kill 4 Players Forward 
   Center                   Wing                     Time % Phy DF OF 
 1 Zach Hyman               Bo Horvat                55     1   2  2  
 2 Sebastian Aho            Viktor Arvidsson         45     1   2  2  

Penalty Kill 4 Players Defense
   Defense                  Defense                  Time % Phy DF OF 
 1 Darnell Nurse            Brenden Dillon           55     1   2  2  
 2 Erik Gudbranson          Sean Durzi               45     1   2  2  

Penalty Kill - 3 Players Forward 
   Forward                                           Time % Phy DF OF 
 1 Zach Hyman                                        55     1   2  2  
 2 Bo Horvat                                         45     1   2  2  

Penalty Kill - 3 Players Defense
   Defense                  Defense                  Time % Phy DF OF 
 1 Darnell Nurse            Brenden Dillon           55     1   2  2  
 2 Erik Gudbranson          Sean Durzi               45     1   2  2  

4 vs 4 Forward 
   Center                   Wing                     Time % Phy DF OF 
 1 Zach Hyman               Bo Horvat                55     1   2  2  
 2 Sebastian Aho            Viktor Arvidsson         45     1   2  2  

4 vs 4 Defense
   Defense                  Defense                  Time % Phy DF OF 
 1 Darnell Nurse            Brenden Dillon           55     1   2  2  
 2 Erik Gudbranson          Sean Durzi               45     1   2  2  

Last Minutes Offensive
   Center                   Left Wing                Right Wing               Defense                  Defense                  
   Zach Hyman               Sebastian Aho            Viktor Arvidsson         Darnell Nurse            Brenden Dillon           

Last Minutes Defensive
   Center                   Left Wing                Right Wing               Defense                  Defense                  
   Zach Hyman               Sebastian Aho            Viktor Arvidsson         Darnell Nurse            Brenden Dillon           

Goaltenders
Starting : Igor Shesterkin          
Backup : Kevin Lankinen           

Extra Forwards
Normal : Dakota Joshua, Jared McCann, Kirby Dach - PP : Dakota Joshua, Jared McCann - PK : Kirby Dach
Extra Defensemen
Normal : Michael Anderson, Jacob Middleton, Erik Gudbranson - PP : Michael Anderson - PK : Jacob Middleton, Erik Gudbranson
Penalty Shots
Zach Hyman, Bo Horvat, Sebastian Aho, Viktor Arvidsson, Andrei Svechnikov
Custom OT Lines Forwards
Zach Hyman, Bo Horvat, Sebastian Aho, Viktor Arvidsson, Andrei Svechnikov, Jared McCann, Kirby Dach, Kyle Palmieri, Trevor Moore, Eeli Tolvanen
Custom OT Lines Defensemen
Darnell Nurse, Brenden Dillon, Erik Gudbranson, Sean Durzi, Michael Anderson

Scratches
None

KANSAS CITY KILLERBEES

5 vs 5 Forward 
   Center                   Left Wing                Right Wing               Time % Phy DF OF 
 1 Boone Jenner             James van Riemsdyk       Philipp Kurashev         36     1   2  2  
 2 Tyler Johnson            Nicholas Paul            Alexis Lafreniere        31     1   2  2  
 3 Morgan Barron            Zach Aston-Reese         Jakub Voracek            23     1   2  2  
 4 Jaret Anderson-Dolan     Anders Bjork             Nicolas Aube-Kubel       10     1   2  2  

5 vs 5 Defense 
   Defense                  Defense                                           Time % Phy DF OF 
 1 Mattias Ekholm           K'Andre Miller                                    36     1   2  2  
 2 Sean Walker              Jacob Muzzin                                      34     1   2  2  
 3 Riley Stillman           Daniel Walcott                                    22     1   2  2  
 4 Mattias Ekholm           K'Andre Miller                                    8      1   2  2  

PowerPlay Forward 
   Center                   Left Wing                Right Wing               Time % Phy DF OF 
 1 Boone Jenner             James van Riemsdyk       Alexis Lafreniere        55     1   2  2  
 2 Jakub Voracek            Nicholas Paul            Philipp Kurashev         45     1   2  2  

PowerPlay Defense
   Defense                  Defense                                           Time % Phy DF OF 
 1 Mattias Ekholm           K'Andre Miller                                    55     1   2  2  
 2 Sean Walker              Jacob Muzzin                                      45     1   2  2  

Penalty Kill 4 Players Forward 
   Center                   Wing                     Time % Phy DF OF 
 1 Boone Jenner             Philipp Kurashev         55     1   2  2  
 2 James van Riemsdyk       Nicholas Paul            45     1   2  2  

Penalty Kill 4 Players Defense
   Defense                  Defense                  Time % Phy DF OF 
 1 Mattias Ekholm           K'Andre Miller           55     1   2  2  
 2 Sean Walker              Jacob Muzzin             45     1   2  2  

Penalty Kill - 3 Players Forward 
   Forward                                           Time % Phy DF OF 
 1 Boone Jenner                                      55     1   2  2  
 2 James van Riemsdyk                                45     1   2  2  

Penalty Kill - 3 Players Defense
   Defense                  Defense                  Time % Phy DF OF 
 1 Mattias Ekholm           K'Andre Miller           55     1   2  2  
 2 Sean Walker              Jacob Muzzin             45     1   2  2  

4 vs 4 Forward 
   Center                   Wing                     Time % Phy DF OF 
 1 Boone Jenner             Philipp Kurashev         55     1   2  2  
 2 James van Riemsdyk       Nicholas Paul            45     1   2  2  

4 vs 4 Defense
   Defense                  Defense                  Time % Phy DF OF 
 1 Mattias Ekholm           K'Andre Miller           55     1   2  2  
 2 Sean Walker              Jacob Muzzin             45     1   2  2  

Last Minutes Offensive
   Center                   Left Wing                Right Wing               Defense                  Defense                  
   Boone Jenner             James van Riemsdyk       Nicholas Paul            Alexis Lafreniere        K'Andre Miller           

Last Minutes Defensive
   Center                   Left Wing                Right Wing               Defense                  Defense                  
   Boone Jenner             James van Riemsdyk       Philipp Kurashev         Mattias Ekholm           K'Andre Miller           

Goaltenders
Starting : Ilya Samsonov            
Backup : Cal Petersen             

Extra Forwards
Normal : Jakub Voracek, Morgan Barron, Zach Aston-Reese - PP : Jakub Voracek, Morgan Barron - PK : Zach Aston-Reese
Extra Defensemen
Normal : Riley Stillman, Daniel Walcott, Sean Walker - PP : Riley Stillman - PK : Daniel Walcott, Sean Walker
Penalty Shots
Boone Jenner, Alexis Lafreniere, James van Riemsdyk, Nicholas Paul, Philipp Kurashev
Custom OT Lines Forwards
Boone Jenner, Daniel Walcott, James van Riemsdyk, Nicholas Paul, Philipp Kurashev, Alexis Lafreniere, Jakub Voracek, Morgan Barron, Zach Aston-Reese, Jaret Anderson-Dolan
Custom OT Lines Defensemen
Mattias Ekholm, K'Andre Miller, Sean Walker, Jacob Muzzin, Riley Stillman

Scratches
None


% Time on Ice - SAN FRANCISCO SPIDERS

Lines # - Real PCT - Wanted PCT - Time Play
Normal Forward
1 - 30% - 30% - 15:30
2 - 31% - 30% - 15:41
3 - 32% - 30% - 16:19
4 - 8% - 10% - 3:55
Normal Defense
1 - 34% - 36% - 17:21
2 - 35% - 31% - 18:13
3 - 25% - 23% - 12:51
4 - 6% - 10% - 3:00
PP Forward
1 - 58% - 55% - 2:19
2 - 42% - 45% - 1:39
PP Defense
1 - 58% - 55% - 2:19
2 - 42% - 45% - 1:39
PK Forward
1 - 71% - 55% - 2:37
2 - 29% - 45% - 1:03
PK Defense
1 - 54% - 55% - 1:59
2 - 46% - 45% - 1:41
PK3 Forward
1 - 0% - 55%
2 - 0% - 45%
PK3 Defense
1 - 0% - 55%
2 - 0% - 45%
44 Forward
1 - 0% - 55%
2 - 0% - 45%
44 Defense
1 - 0% - 55%
2 - 0% - 45%
Last Minute Offensive  - 0:00
Last Minute Defensive  - 0:57
Total
Forward - 60:00
Defense - 60:00

% Time on Ice - KANSAS CITY KILLERBEES

Lines # - Real PCT - Wanted PCT - Time Play
Normal Forward
1 - 36% - 36% - 18:29
2 - 31% - 31% - 15:47
3 - 23% - 23% - 11:47
4 - 10% - 10% - 5:22
Normal Defense
1 - 37% - 36% - 18:55
2 - 33% - 34% - 17:05
3 - 26% - 22% - 13:27
4 - 4% - 8% - 1:58
PP Forward
1 - 67% - 55% - 2:28
2 - 33% - 45% - 1:12
PP Defense
1 - 60% - 55% - 2:13
2 - 40% - 45% - 1:27
PK Forward
1 - 64% - 55% - 2:33
2 - 36% - 45% - 1:25
PK Defense
1 - 70% - 55% - 2:46
2 - 30% - 45% - 1:12
PK3 Forward
1 - 0% - 55%
2 - 0% - 45%
PK3 Defense
1 - 0% - 55%
2 - 0% - 45%
44 Forward
1 - 0% - 55%
2 - 0% - 45%
44 Defense
1 - 0% - 55%
2 - 0% - 45%
Last Minute Offensive  - 0:57
Last Minute Defensive  - 0:00
Total
Forward - 60:00
Defense - 60:00

Play-by-Play

1st period


0:01 of 1st period - Boone Jenner wins face-off versus Sebastian Aho in neutral zone.
0:27 of 1st period - Off-side.
0:28 of 1st period - Bo Horvat wins face-off versus Tyler Johnson in neutral zone.
0:37 of 1st period - Shot by Viktor Arvidsson.
0:37 of 1st period - Shot Misses the Net.
0:59 of 1st period - Nicholas Paul is hit by Erik Gudbranson and loses puck.
1:21 of 1st period - Icing by Jacob Muzzin.
1:22 of 1st period - Tyler Johnson wins face-off versus Kirby Dach in KANSAS CITY KILLERBEES zone.
3:16 of 1st period - Shot by Zach Hyman.
3:16 of 1st period - Stopped by Ilya Samsonov without a rebound.
3:17 of 1st period - Bo Horvat wins face-off versus Boone Jenner in KANSAS CITY KILLERBEES zone.
3:22 of 1st period - Shot by Viktor Arvidsson.
3:22 of 1st period - Shot Misses the Net.
5:11 of 1st period - Sebastian Aho is hit by Riley Stillman and loses puck.
5:26 of 1st period - Shot by Kyle Palmieri.
5:26 of 1st period - Deflect By Sebastian Aho.
5:26 of 1st period - Stopped by Ilya Samsonov without a rebound.
5:27 of 1st period - Trevor Moore wins face-off versus Morgan Barron in KANSAS CITY KILLERBEES zone.
5:32 of 1st period - Shot by Andrei Svechnikov.
5:32 of 1st period - Deflect By Kirby Dach.
5:32 of 1st period - Shot Misses the Net.
5:34 of 1st period - Shot by Trevor Moore.
5:34 of 1st period - Stopped by Ilya Samsonov with a rebound.
5:43 of 1st period - Minor Penalty to K'Andre Miller for Unsportsmanlike conduct.
5:44 of 1st period - Boone Jenner wins face-off versus Sebastian Aho in KANSAS CITY KILLERBEES zone.
5:44 of 1st period - Boone Jenner is hit by Andrei Svechnikov.
6:26 of 1st period - Icing by Brenden Dillon.
6:27 of 1st period - Sebastian Aho wins face-off versus James van Riemsdyk in SAN FRANCISCO SPIDERS zone.
7:35 of 1st period - Shot by Bo Horvat.
7:35 of 1st period - Stopped by Ilya Samsonov without a rebound.
7:36 of 1st period - Bo Horvat wins face-off versus James van Riemsdyk in KANSAS CITY KILLERBEES zone.
7:41 of 1st period - Shot by Viktor Arvidsson.
7:41 of 1st period - Stopped by Ilya Samsonov with a rebound.
8:41 of 1st period - Nicholas Paul is hit by Zach Hyman and loses puck.
8:48 of 1st period - Sebastian Aho is hit by Nicholas Paul and loses puck.
8:59 of 1st period - Shot by Alexis Lafreniere.
8:59 of 1st period - Stopped by Igor Shesterkin without a rebound.
9:00 of 1st period - Boone Jenner wins face-off versus Kirby Dach in SAN FRANCISCO SPIDERS zone.
9:23 of 1st period - Shot by Andrei Svechnikov.
9:23 of 1st period - Stopped by Ilya Samsonov with a rebound.
9:25 of 1st period - Shot by Trevor Moore.
9:25 of 1st period - Shot Misses the Net.
9:38 of 1st period - Boone Jenner is hit by Andrei Svechnikov and loses puck.
10:21 of 1st period - Shot by Alexis Lafreniere.
10:21 of 1st period - Deflect By Tyler Johnson.
10:21 of 1st period - Shot Misses the Net.
11:03 of 1st period - Shot by Jaret Anderson-Dolan.
11:03 of 1st period - Shot Misses the Net.
11:05 of 1st period - Shot by Mattias Ekholm.
11:05 of 1st period - Stopped by Igor Shesterkin with a rebound.
11:07 of 1st period - Shot by Nicolas Aube-Kubel.
11:07 of 1st period - Shot Misses the Net.
11:09 of 1st period - Shot by Anders Bjork.
11:09 of 1st period - Shot Misses the Net.
11:11 of 1st period - Shot by Mattias Ekholm.
11:11 of 1st period - Stopped by Igor Shesterkin without a rebound.
11:12 of 1st period - Morgan Barron wins face-off versus Trevor Moore in SAN FRANCISCO SPIDERS zone.
11:15 of 1st period - Shot by Zach Aston-Reese.
11:15 of 1st period - Stopped by Igor Shesterkin without a rebound.
11:16 of 1st period - Kirby Dach wins face-off versus Morgan Barron in SAN FRANCISCO SPIDERS zone.
11:21 of 1st period - K'Andre Miller is hit by Trevor Moore and loses puck.
11:36 of 1st period - Shot by Morgan Barron.
11:36 of 1st period - Deflect By Jakub Voracek.
11:36 of 1st period - Stopped by Igor Shesterkin with a rebound.
11:38 of 1st period - Shot by Mattias Ekholm.
11:38 of 1st period - Shot Misses the Net.
11:42 of 1st period - Shot by Zach Aston-Reese.
11:42 of 1st period - Stopped by Igor Shesterkin without a rebound.
11:43 of 1st period - Sebastian Aho wins face-off versus Boone Jenner in SAN FRANCISCO SPIDERS zone.
12:09 of 1st period - Philipp Kurashev is hit by Jacob Middleton and loses puck.
13:10 of 1st period - Shot by Kirby Dach.
13:10 of 1st period - Stopped by Ilya Samsonov with a rebound.
13:12 of 1st period - Shot by Brenden Dillon.
13:12 of 1st period - Shot Misses the Net.
13:14 of 1st period - Shot by Darnell Nurse.
13:14 of 1st period - Stopped by Ilya Samsonov without a rebound.
13:15 of 1st period - Dakota Joshua wins face-off versus Morgan Barron in KANSAS CITY KILLERBEES zone.
13:35 of 1st period - Shot by Trent Frederic.
13:35 of 1st period - Stopped by Ilya Samsonov without a rebound.
13:36 of 1st period - Jaret Anderson-Dolan wins face-off versus Kirby Dach in KANSAS CITY KILLERBEES zone.
14:09 of 1st period - Shot by Andrei Svechnikov.
14:09 of 1st period - Deflect By Trevor Moore.
14:09 of 1st period - Stopped by Ilya Samsonov without a rebound.
14:10 of 1st period - Boone Jenner wins face-off versus Bo Horvat in KANSAS CITY KILLERBEES zone.
14:10 of 1st period - Boone Jenner is hit by Jared McCann.
14:26 of 1st period - Shot by Jared McCann.
14:26 of 1st period - Shot Blocked by Sean Walker.
14:38 of 1st period - Shot by Bo Horvat.
14:38 of 1st period - Deflect By Jared McCann.
14:38 of 1st period - Shot Blocked by Sean Walker.
14:53 of 1st period - Shot by Philipp Kurashev.
14:53 of 1st period - Stopped by Igor Shesterkin without a rebound.
14:54 of 1st period - Tyler Johnson wins face-off versus Kirby Dach in SAN FRANCISCO SPIDERS zone.
14:57 of 1st period - Shot by Tyler Johnson.
14:57 of 1st period - Goal by Tyler Johnson - SAN FRANCISCO SPIDERS : 0 - KANSAS CITY KILLERBEES : 1.
14:58 of 1st period - Kirby Dach wins face-off versus Tyler Johnson in neutral zone.
15:54 of 1st period - Off-side.
15:55 of 1st period - Sebastian Aho wins face-off versus Boone Jenner in neutral zone.
16:00 of 1st period - Shot by Zach Hyman.
16:00 of 1st period - Stopped by Ilya Samsonov without a rebound.
16:01 of 1st period - Sebastian Aho wins face-off versus Boone Jenner in KANSAS CITY KILLERBEES zone.
16:01 of 1st period - Sebastian Aho is hit by Jacob Muzzin.
16:24 of 1st period - Boone Jenner is hit by Michael Anderson and loses puck.
16:26 of 1st period - Minor Penalty to Jacob Middleton for Hooking.
16:27 of 1st period - Zach Hyman wins face-off versus Jakub Voracek in SAN FRANCISCO SPIDERS zone.
16:40 of 1st period - Shot by K'Andre Miller.
16:40 of 1st period - Stopped by Igor Shesterkin with a rebound.
16:58 of 1st period - Shot by Darnell Nurse.
16:58 of 1st period - Stopped by Ilya Samsonov without a rebound.
16:59 of 1st period - Boone Jenner wins face-off versus Zach Hyman in KANSAS CITY KILLERBEES zone.
18:29 of 1st period - Shot by Kirby Dach.
18:29 of 1st period - Shot Blocked by Anders Bjork.
19:38 of 1st period - Shot by Darnell Nurse.
19:38 of 1st period - Stopped by Ilya Samsonov without a rebound.
19:39 of 1st period - Viktor Arvidsson wins face-off versus Morgan Barron in KANSAS CITY KILLERBEES zone.
19:48 of 1st period - Shot by Bo Horvat.
19:48 of 1st period - Shot Blocked by K'Andre Miller.
19:50 of 1st period - Shot by Jared McCann.
19:50 of 1st period - Shot Misses the Net.
19:58 of 1st period - Shot by Jared McCann.
19:58 of 1st period - Stopped by Ilya Samsonov without a rebound.
19:59 of 1st period - Boone Jenner wins face-off versus Trent Frederic in KANSAS CITY KILLERBEES zone.
19:59 of 1st period - Boone Jenner is hit by Dakota Joshua.
Goals for this period are 0 for SAN FRANCISCO SPIDERS vs 1 for KANSAS CITY KILLERBEES.
Shots for this period are 14 for SAN FRANCISCO SPIDERS vs 9 for KANSAS CITY KILLERBEES.

2nd period


0:01 of 2nd period - Boone Jenner wins face-off versus Sebastian Aho in neutral zone.
0:01 of 2nd period - Mattias Ekholm is hit by Kyle Palmieri and loses puck.
0:06 of 2nd period - Shot by Sebastian Aho.
0:06 of 2nd period - Shot Blocked by K'Andre Miller.
0:23 of 2nd period - Mattias Ekholm is hit by Kyle Palmieri and loses puck.
0:37 of 2nd period - Shot by Kyle Palmieri.
0:37 of 2nd period - Shot Blocked by Mattias Ekholm.
1:33 of 2nd period - Shot by Jared McCann.
1:33 of 2nd period - Shot Misses the Net.
2:11 of 2nd period - Shot by Jakub Voracek.
2:11 of 2nd period - Stopped by Igor Shesterkin without a rebound.
2:12 of 2nd period - Jaret Anderson-Dolan wins face-off versus Dakota Joshua in SAN FRANCISCO SPIDERS zone.
2:20 of 2nd period - Icing by Jacob Middleton.
2:21 of 2nd period - James van Riemsdyk wins face-off versus Dakota Joshua in SAN FRANCISCO SPIDERS zone.
2:45 of 2nd period - Off-side.
2:46 of 2nd period - Sebastian Aho wins face-off versus Morgan Barron in neutral zone.
3:21 of 2nd period - Shot by Zach Hyman.
3:21 of 2nd period - Shot Misses the Net.
3:23 of 2nd period - Shot by Sebastian Aho.
3:23 of 2nd period - Stopped by Ilya Samsonov without a rebound.
3:24 of 2nd period - Boone Jenner wins face-off versus Bo Horvat in KANSAS CITY KILLERBEES zone.
3:51 of 2nd period - Shot by Boone Jenner.
3:51 of 2nd period - Shot Misses the Net.
4:35 of 2nd period - K'Andre Miller is hit by Andrei Svechnikov and loses puck.
4:46 of 2nd period - Boone Jenner is hit by Kirby Dach and loses puck.
5:21 of 2nd period - Shot by Tyler Johnson.
5:21 of 2nd period - Stopped by Igor Shesterkin without a rebound.
5:22 of 2nd period - Eeli Tolvanen wins face-off versus Jakub Voracek in SAN FRANCISCO SPIDERS zone.
5:56 of 2nd period - Icing by Zach Aston-Reese.
5:57 of 2nd period - Bo Horvat wins face-off versus Morgan Barron in KANSAS CITY KILLERBEES zone.
5:57 of 2nd period - Sean Durzi is hit by Riley Stillman and loses puck.
6:06 of 2nd period - Shot by Bo Horvat.
6:06 of 2nd period - Goal by Bo Horvat - SAN FRANCISCO SPIDERS : 1 - KANSAS CITY KILLERBEES : 1.
6:07 of 2nd period - Sebastian Aho wins face-off versus Tyler Johnson in neutral zone.
6:12 of 2nd period - Shot by Sean Durzi.
6:12 of 2nd period - Shot Blocked by Nicholas Paul.
6:14 of 2nd period - Shot by Kyle Palmieri.
6:14 of 2nd period - Stopped by Ilya Samsonov without a rebound.
6:15 of 2nd period - Bo Horvat wins face-off versus Tyler Johnson in KANSAS CITY KILLERBEES zone.
6:19 of 2nd period - Bo Horvat is hit by Sean Walker and loses puck.
6:24 of 2nd period - Shot by Viktor Arvidsson.
6:24 of 2nd period - Deflect By Jared McCann.
6:24 of 2nd period - Shot Misses the Net.
6:32 of 2nd period - Shot by Jared McCann.
6:32 of 2nd period - Shot Misses the Net.
6:43 of 2nd period - Viktor Arvidsson is hit by Jacob Muzzin and loses puck.
6:48 of 2nd period - Shot by Jared McCann.
6:48 of 2nd period - Stopped by Ilya Samsonov without a rebound.
6:49 of 2nd period - Boone Jenner wins face-off versus Kirby Dach in KANSAS CITY KILLERBEES zone.
7:13 of 2nd period - Icing by James van Riemsdyk.
7:14 of 2nd period - Sebastian Aho wins face-off versus Boone Jenner in KANSAS CITY KILLERBEES zone.
7:20 of 2nd period - Minor Penalty to Mattias Ekholm for Holding.
7:21 of 2nd period - Sebastian Aho wins face-off versus Boone Jenner in KANSAS CITY KILLERBEES zone.
7:24 of 2nd period - Shot by Darnell Nurse.
7:24 of 2nd period - Stopped by Ilya Samsonov without a rebound.
7:25 of 2nd period - Sebastian Aho wins face-off versus Boone Jenner in KANSAS CITY KILLERBEES zone.
7:30 of 2nd period - Shot by Jared McCann.
7:30 of 2nd period - Shot Misses the Net.
7:32 of 2nd period - Shot by Brenden Dillon.
7:32 of 2nd period - Deflect By Jared McCann.
7:32 of 2nd period - Shot Blocked by K'Andre Miller.
7:48 of 2nd period - Shot by Andrei Svechnikov.
7:48 of 2nd period - Stopped by Ilya Samsonov with a rebound.
7:52 of 2nd period - Shot by Sebastian Aho.
7:52 of 2nd period - Shot Misses the Net.
7:58 of 2nd period - Shot by Sebastian Aho.
7:58 of 2nd period - Stopped by Ilya Samsonov without a rebound.
7:59 of 2nd period - James van Riemsdyk wins face-off versus Bo Horvat in KANSAS CITY KILLERBEES zone.
8:58 of 2nd period - Shot by Darnell Nurse.
8:58 of 2nd period - Stopped by Ilya Samsonov without a rebound.
8:59 of 2nd period - Sebastian Aho wins face-off versus James van Riemsdyk in KANSAS CITY KILLERBEES zone.
8:59 of 2nd period - Sebastian Aho is hit by Sean Walker.
9:25 of 2nd period - Shot by Zach Hyman.
9:25 of 2nd period - Shot Misses the Net.
9:31 of 2nd period - Shot by Sebastian Aho.
9:31 of 2nd period - Goal by Sebastian Aho - SAN FRANCISCO SPIDERS : 2 - KANSAS CITY KILLERBEES : 1.
9:32 of 2nd period - Bo Horvat wins face-off versus Jaret Anderson-Dolan in neutral zone.
9:37 of 2nd period - Shot by Jared McCann.
9:37 of 2nd period - Shot Misses the Net.
10:20 of 2nd period - Shot by Tyler Johnson.
10:20 of 2nd period - Deflect By Alexis Lafreniere.
10:20 of 2nd period - Stopped by Igor Shesterkin without a rebound.
10:21 of 2nd period - Sebastian Aho wins face-off versus Boone Jenner in SAN FRANCISCO SPIDERS zone.
10:23 of 2nd period - Icing by Zach Hyman.
10:24 of 2nd period - Boone Jenner wins face-off versus Sebastian Aho in SAN FRANCISCO SPIDERS zone.
10:25 of 2nd period - Shot by Philipp Kurashev.
10:25 of 2nd period - Shot Misses the Net.
10:27 of 2nd period - Shot by Philipp Kurashev.
10:27 of 2nd period - Shot Misses the Net.
10:35 of 2nd period - Shot by Philipp Kurashev.
10:35 of 2nd period - Shot Misses the Net.
10:39 of 2nd period - Shot by James van Riemsdyk.
10:39 of 2nd period - Stopped by Igor Shesterkin with a rebound.
10:43 of 2nd period - Shot by Boone Jenner.
10:43 of 2nd period - Shot Misses the Net.
10:45 of 2nd period - Shot by Boone Jenner.
10:45 of 2nd period - Stopped by Igor Shesterkin without a rebound.
10:46 of 2nd period - Trevor Moore wins face-off versus Tyler Johnson in SAN FRANCISCO SPIDERS zone.
10:46 of 2nd period - Trevor Moore is hit by Nicholas Paul.
10:57 of 2nd period - Kirby Dach is hit by Riley Stillman.
11:16 of 2nd period - Nicholas Paul is hit by Erik Gudbranson and loses puck.
11:33 of 2nd period - Shot by Andrei Svechnikov.
11:33 of 2nd period - Shot Blocked by Nicholas Paul.
11:49 of 2nd period - Riley Stillman is hit by Sebastian Aho and loses puck.
12:26 of 2nd period - Shot by Zach Hyman.
12:26 of 2nd period - Shot Misses the Net.
12:52 of 2nd period - Shot by Bo Horvat.
12:52 of 2nd period - Stopped by Ilya Samsonov with a rebound.
12:54 of 2nd period - Shot by Bo Horvat.
12:54 of 2nd period - Shot Blocked by Philipp Kurashev.
13:14 of 2nd period - Shot by Bo Horvat.
13:14 of 2nd period - Deflect By Viktor Arvidsson.
13:14 of 2nd period - Stopped by Ilya Samsonov with a rebound.
15:33 of 2nd period - Shot by Anders Bjork.
15:33 of 2nd period - Stopped by Igor Shesterkin without a rebound.
15:34 of 2nd period - Nicholas Paul wins face-off versus Dakota Joshua in SAN FRANCISCO SPIDERS zone.
15:49 of 2nd period - Shot by Tyler Johnson.
15:49 of 2nd period - Shot Misses the Net.
15:51 of 2nd period - Shot by Nicholas Paul.
15:51 of 2nd period - Stopped by Igor Shesterkin without a rebound.
15:52 of 2nd period - Boone Jenner wins face-off versus Kirby Dach in SAN FRANCISCO SPIDERS zone.
16:01 of 2nd period - Shot by Boone Jenner.
16:01 of 2nd period - Shot Misses the Net.
16:03 of 2nd period - Shot by Boone Jenner.
16:03 of 2nd period - Stopped by Igor Shesterkin without a rebound.
16:04 of 2nd period - Tyler Johnson wins face-off versus Kyle Palmieri in SAN FRANCISCO SPIDERS zone.
16:11 of 2nd period - Shot by Tyler Johnson.
16:11 of 2nd period - Stopped by Igor Shesterkin without a rebound.
16:12 of 2nd period - Boone Jenner wins face-off versus Kirby Dach in SAN FRANCISCO SPIDERS zone.
16:45 of 2nd period - Shot by Trevor Moore.
16:45 of 2nd period - Shot Misses the Net.
16:48 of 2nd period - Icing by James van Riemsdyk.
16:49 of 2nd period - Boone Jenner wins face-off versus Bo Horvat in KANSAS CITY KILLERBEES zone.
16:56 of 2nd period - Shot by Boone Jenner.
16:56 of 2nd period - Shot Misses the Net.
17:37 of 2nd period - Sean Durzi is hit by Philipp Kurashev and loses puck.
17:48 of 2nd period - Off-side.
17:49 of 2nd period - Sebastian Aho wins face-off versus Tyler Johnson in neutral zone.
18:34 of 2nd period - Shot by Sebastian Aho.
18:34 of 2nd period - Shot Blocked by K'Andre Miller.
19:17 of 2nd period - Icing by Riley Stillman.
19:18 of 2nd period - Bo Horvat wins face-off versus Morgan Barron in KANSAS CITY KILLERBEES zone.
19:24 of 2nd period - Bo Horvat is hit by Riley Stillman and loses puck.
19:47 of 2nd period - Shot by Bo Horvat.
19:47 of 2nd period - Shot Misses the Net.
Goals for this period are 2 for SAN FRANCISCO SPIDERS vs 0 for KANSAS CITY KILLERBEES.
Shots for this period are 11 for SAN FRANCISCO SPIDERS vs 9 for KANSAS CITY KILLERBEES.

3rd period


0:01 of 3rd period - Boone Jenner wins face-off versus Kirby Dach in neutral zone.
0:09 of 3rd period - Philipp Kurashev is hit by Darnell Nurse and loses puck.
0:16 of 3rd period - Shot by Trevor Moore.
0:16 of 3rd period - Shot Misses the Net.
0:18 of 3rd period - Shot by Brenden Dillon.
0:18 of 3rd period - Stopped by Ilya Samsonov with a rebound.
0:20 of 3rd period - Shot by Trevor Moore.
0:20 of 3rd period - Shot Misses the Net.
0:40 of 3rd period - Shot by Boone Jenner.
0:40 of 3rd period - Stopped by Igor Shesterkin without a rebound.
0:41 of 3rd period - Tyler Johnson wins face-off versus Sebastian Aho in SAN FRANCISCO SPIDERS zone.
0:42 of 3rd period - Shot by Alexis Lafreniere.
0:42 of 3rd period - Shot Blocked by Erik Gudbranson.
0:52 of 3rd period - Shot by Zach Hyman.
0:52 of 3rd period - Shot Blocked by Jacob Muzzin.
1:47 of 3rd period - Shot by Jared McCann.
1:47 of 3rd period - Shot Misses the Net.
1:51 of 3rd period - Shot by Bo Horvat.
1:51 of 3rd period - Shot Misses the Net.
1:53 of 3rd period - Shot by Jacob Middleton.
1:53 of 3rd period - Stopped by Ilya Samsonov with a rebound.
1:55 of 3rd period - Shot by Jacob Middleton.
1:55 of 3rd period - Shot Misses the Net.
1:57 of 3rd period - Shot by Jared McCann.
1:57 of 3rd period - Shot Misses the Net.
1:59 of 3rd period - Shot by Jared McCann.
1:59 of 3rd period - Shot Misses the Net.
2:01 of 3rd period - Shot by Jacob Middleton.
2:01 of 3rd period - Stopped by Ilya Samsonov without a rebound.
2:02 of 3rd period - Kirby Dach wins face-off versus Boone Jenner in KANSAS CITY KILLERBEES zone.
2:02 of 3rd period - Andrei Svechnikov is hit by Mattias Ekholm.
2:06 of 3rd period - Shot by Trevor Moore.
2:06 of 3rd period - Shot Misses the Net.
2:08 of 3rd period - Shot by Brenden Dillon.
2:08 of 3rd period - Goal by Brenden Dillon - SAN FRANCISCO SPIDERS : 3 - KANSAS CITY KILLERBEES : 1.
2:09 of 3rd period - Boone Jenner wins face-off versus Kirby Dach in neutral zone.
2:35 of 3rd period - Shot by Philipp Kurashev.
2:35 of 3rd period - Shot Blocked by Brenden Dillon.
3:08 of 3rd period - Icing by Andrei Svechnikov.
3:09 of 3rd period - Morgan Barron wins face-off versus Kirby Dach in SAN FRANCISCO SPIDERS zone.
3:12 of 3rd period - Shot by Zach Aston-Reese.
3:12 of 3rd period - Deflect By Jakub Voracek.
3:12 of 3rd period - Stopped by Igor Shesterkin without a rebound.
3:13 of 3rd period - Morgan Barron wins face-off versus Sebastian Aho in SAN FRANCISCO SPIDERS zone.
3:18 of 3rd period - Shot by Jakub Voracek.
3:18 of 3rd period - Shot Blocked by Erik Gudbranson.
3:29 of 3rd period - Icing by Erik Gudbranson.
3:30 of 3rd period - Kyle Palmieri wins face-off versus Tyler Johnson in SAN FRANCISCO SPIDERS zone.
3:52 of 3rd period - Shot by Zach Hyman.
3:52 of 3rd period - Stopped by Ilya Samsonov without a rebound.
3:53 of 3rd period - Bo Horvat wins face-off versus Boone Jenner in KANSAS CITY KILLERBEES zone.
4:01 of 3rd period - Minor Penalty to Jacob Middleton for Hooking.
4:02 of 3rd period - Zach Hyman wins face-off versus Boone Jenner in SAN FRANCISCO SPIDERS zone.
4:12 of 3rd period - Icing by K'Andre Miller.
4:13 of 3rd period - Boone Jenner wins face-off versus Zach Hyman in KANSAS CITY KILLERBEES zone.
4:25 of 3rd period - Shot by Boone Jenner.
4:25 of 3rd period - Stopped by Igor Shesterkin with a rebound.
4:27 of 3rd period - Shot by Boone Jenner.
4:27 of 3rd period - Shot Misses the Net.
4:31 of 3rd period - Shot by K'Andre Miller.
4:31 of 3rd period - Shot Blocked by Darnell Nurse.
4:33 of 3rd period - Shot by Mattias Ekholm.
4:33 of 3rd period - Shot Misses the Net.
4:35 of 3rd period - Shot by Boone Jenner.
4:35 of 3rd period - Shot Blocked by Darnell Nurse.
5:14 of 3rd period - Shot by Viktor Arvidsson.
5:14 of 3rd period - Shot Misses the Net.
5:36 of 3rd period - Shot by Nicholas Paul.
5:36 of 3rd period - Stopped by Igor Shesterkin with a rebound.
5:40 of 3rd period - Shot by Philipp Kurashev.
5:40 of 3rd period - Shot Misses the Net.
5:42 of 3rd period - Shot by Nicholas Paul.
5:42 of 3rd period - Goal by Nicholas Paul - SAN FRANCISCO SPIDERS : 3 - KANSAS CITY KILLERBEES : 2.
5:43 of 3rd period - Kirby Dach wins face-off versus Jaret Anderson-Dolan in neutral zone.
6:28 of 3rd period - Icing by Michael Anderson.
6:29 of 3rd period - Jakub Voracek wins face-off versus Kirby Dach in SAN FRANCISCO SPIDERS zone.
6:38 of 3rd period - Shot by Zach Aston-Reese.
6:38 of 3rd period - Stopped by Igor Shesterkin without a rebound.
6:39 of 3rd period - Morgan Barron wins face-off versus Jared McCann in SAN FRANCISCO SPIDERS zone.
7:02 of 3rd period - Shot by Jared McCann.
7:02 of 3rd period - Stopped by Ilya Samsonov without a rebound.
7:03 of 3rd period - Boone Jenner wins face-off versus Sebastian Aho in KANSAS CITY KILLERBEES zone.
7:08 of 3rd period - Shot by Zach Hyman.
7:08 of 3rd period - Shot Blocked by Sean Walker.
7:10 of 3rd period - Shot by Zach Hyman.
7:10 of 3rd period - Stopped by Ilya Samsonov without a rebound.
7:11 of 3rd period - Boone Jenner wins face-off versus Kyle Palmieri in KANSAS CITY KILLERBEES zone.
7:17 of 3rd period - Off-side.
7:18 of 3rd period - Bo Horvat wins face-off versus Boone Jenner in neutral zone.
7:25 of 3rd period - Shot by Jared McCann.
7:25 of 3rd period - Stopped by Ilya Samsonov without a rebound.
7:26 of 3rd period - Bo Horvat wins face-off versus Boone Jenner in KANSAS CITY KILLERBEES zone.
8:01 of 3rd period - Shot by James van Riemsdyk.
8:01 of 3rd period - Deflect By Boone Jenner.
8:01 of 3rd period - Stopped by Igor Shesterkin with a rebound.
8:03 of 3rd period - Shot by James van Riemsdyk.
8:03 of 3rd period - Stopped by Igor Shesterkin without a rebound.
8:04 of 3rd period - Tyler Johnson wins face-off versus Sebastian Aho in SAN FRANCISCO SPIDERS zone.
8:13 of 3rd period - Shot by Tyler Johnson.
8:13 of 3rd period - Shot Misses the Net.
9:09 of 3rd period - Shot by Dakota Joshua.
9:09 of 3rd period - Stopped by Ilya Samsonov without a rebound.
9:10 of 3rd period - Viktor Arvidsson wins face-off versus Boone Jenner in KANSAS CITY KILLERBEES zone.
9:15 of 3rd period - Shot by Bo Horvat.
9:15 of 3rd period - Stopped by Ilya Samsonov without a rebound.
9:16 of 3rd period - Boone Jenner wins face-off versus Bo Horvat in KANSAS CITY KILLERBEES zone.
10:18 of 3rd period - Icing by Riley Stillman.
10:19 of 3rd period - Sebastian Aho wins face-off versus Morgan Barron in KANSAS CITY KILLERBEES zone.
10:20 of 3rd period - Shot by Zach Hyman.
10:20 of 3rd period - Shot Blocked by Riley Stillman.
10:55 of 3rd period - Zach Hyman is hit by Riley Stillman and loses puck.
11:17 of 3rd period - Shot by Nicholas Paul.
11:17 of 3rd period - Shot Blocked by Sean Durzi.
11:19 of 3rd period - Shot by Sean Walker.
11:19 of 3rd period - Stopped by Igor Shesterkin without a rebound.
11:20 of 3rd period - Boone Jenner wins face-off versus Kirby Dach in SAN FRANCISCO SPIDERS zone.
11:20 of 3rd period - K'Andre Miller is hit by Jacob Middleton.
12:37 of 3rd period - Shot by Tyler Johnson.
12:37 of 3rd period - Stopped by Igor Shesterkin without a rebound.
12:38 of 3rd period - Morgan Barron wins face-off versus Bo Horvat in SAN FRANCISCO SPIDERS zone.
12:45 of 3rd period - Shot by Zach Aston-Reese.
12:45 of 3rd period - Deflect By Jakub Voracek.
12:45 of 3rd period - Stopped by Igor Shesterkin with a rebound.
12:51 of 3rd period - Bo Horvat is hit by Zach Aston-Reese and loses puck.
13:15 of 3rd period - Off-side.
13:16 of 3rd period - Kirby Dach wins face-off versus Nicholas Paul in neutral zone.
13:24 of 3rd period - Icing by Sean Walker.
13:25 of 3rd period - Sebastian Aho wins face-off versus Tyler Johnson in KANSAS CITY KILLERBEES zone.
13:26 of 3rd period - Shot by Zach Hyman.
13:26 of 3rd period - Stopped by Ilya Samsonov without a rebound.
13:27 of 3rd period - Sebastian Aho wins face-off versus Alexis Lafreniere in KANSAS CITY KILLERBEES zone.
13:27 of 3rd period - Zach Hyman is hit by Mattias Ekholm.
13:35 of 3rd period - Sebastian Aho is hit by Nicholas Paul and loses puck.
14:13 of 3rd period - Off-side.
14:14 of 3rd period - Boone Jenner wins face-off versus Kirby Dach in neutral zone.
15:20 of 3rd period - Shot by Bo Horvat.
15:20 of 3rd period - Shot Misses the Net.
15:22 of 3rd period - Shot by Michael Anderson.
15:22 of 3rd period - Shot Misses the Net.
15:24 of 3rd period - Shot by Michael Anderson.
15:24 of 3rd period - Stopped by Ilya Samsonov with a rebound.
15:26 of 3rd period - Shot by Bo Horvat.
15:26 of 3rd period - Stopped by Ilya Samsonov without a rebound.
15:27 of 3rd period - Dakota Joshua wins face-off versus Alexis Lafreniere in KANSAS CITY KILLERBEES zone.
15:33 of 3rd period - Off-side.
15:34 of 3rd period - Bo Horvat wins face-off versus Tyler Johnson in neutral zone.
15:40 of 3rd period - Icing by Mattias Ekholm.
15:41 of 3rd period - Alexis Lafreniere wins face-off versus Jared McCann in KANSAS CITY KILLERBEES zone.
15:41 of 3rd period - Tyler Johnson is hit by Jared McCann and loses puck.
15:46 of 3rd period - Shot by Viktor Arvidsson.
15:46 of 3rd period - Shot Blocked by K'Andre Miller.
16:08 of 3rd period - Shot by Viktor Arvidsson.
16:08 of 3rd period - Stopped by Ilya Samsonov with a rebound.
17:28 of 3rd period - Shot by Morgan Barron.
17:28 of 3rd period - Shot Misses the Net.
18:03 of 3rd period - Shot by Boone Jenner.
18:03 of 3rd period - Stopped by Igor Shesterkin without a rebound.
18:04 of 3rd period - Sebastian Aho wins face-off versus Jaret Anderson-Dolan in SAN FRANCISCO SPIDERS zone.
18:49 of 3rd period - Shot by Kyle Palmieri.
18:49 of 3rd period - Shot Blocked by Mattias Ekholm.
18:51 of 3rd period - Shot by Zach Hyman.
18:51 of 3rd period - Stopped by Ilya Samsonov without a rebound.
18:52 of 3rd period - Boone Jenner wins face-off versus Dakota Joshua in KANSAS CITY KILLERBEES zone.
18:52 of 3rd period - Boone Jenner is hit by Dakota Joshua.
19:00 of 3rd period - KANSAS CITY KILLERBEES, Ilya Samsonov is pulled from the net.
19:02 of 3rd period - Shot by Boone Jenner.
19:02 of 3rd period - Stopped by Igor Shesterkin without a rebound.
19:03 of 3rd period - Boone Jenner wins face-off versus Zach Hyman in SAN FRANCISCO SPIDERS zone.
19:14 of 3rd period - Shot by Nicholas Paul.
19:14 of 3rd period - Deflect By Boone Jenner.
19:14 of 3rd period - Shot Blocked by Darnell Nurse.
19:16 of 3rd period - Shot by K'Andre Miller.
19:16 of 3rd period - Shot Misses the Net.
19:18 of 3rd period - Shot by Boone Jenner.
19:18 of 3rd period - Shot Misses the Net.
19:20 of 3rd period - Shot by Boone Jenner.
19:20 of 3rd period - Shot Misses the Net.
19:22 of 3rd period - Shot by K'Andre Miller.
19:22 of 3rd period - Stopped by Igor Shesterkin without a rebound.
19:23 of 3rd period - Boone Jenner wins face-off versus Zach Hyman in SAN FRANCISCO SPIDERS zone.
19:32 of 3rd period - Shot by Boone Jenner.
19:32 of 3rd period - Shot Blocked by Darnell Nurse.
Goals for this period are 1 for SAN FRANCISCO SPIDERS vs 1 for KANSAS CITY KILLERBEES.
Shots for this period are 15 for SAN FRANCISCO SPIDERS vs 14 for KANSAS CITY KILLERBEES.


BRAD
MARCHAND
ANZE
KOPITAR
JAMIE
BENN

EAST COAST

HOCKEY LEAGUE

  • 69.QUE5CHW3
  • 70.CHA3TRV4
  • 71.PITRHI
  • 72.ATLWOR